 Dungeon Crawl Stone Soup version 0.23-a0-78-gc252fe1 (webtiles) character file.

7507 cincygiant14 the Cleaver (level 10, -3/90 HPs)
             Began as a Minotaur Berserker on Aug 10, 2018.
             Was a High Priest of Trog.
             Slain by a ten-headed hydra (5 damage)
             ... on level 1 of the Lair of Beasts.
             The game lasted 00:51:48 (9707 turns).

cincygiant14 the Cleaver (Minotaur Berserker)       Turns: 9707, Time: 00:51:50

Health: -3/90      AC: 18    Str: 22    XL:     10   Next: 95%
Magic:  6/6        EV:  9    Int:  4    God:    Trog [*****.]
Gold:   492        SH:  0    Dex: 13    Spells: 9/9 levels left

rFire    . . .     SeeInvis .   p - +8 war axe of the Wasp {antimagic, rN+}
rCold    . . .     Gourm    .   (no shield)
rNeg     + . .     Faith    .   E - +0 plate armour
rPois    +         Spirit   .   (helmet restricted)
rElec    .         Reflect  .   z - +0 cloak
rCorr    .         Harm     .   (no gloves)
MR       ++...                  j - +1 pair of boots
Stlth    ..........             (no amulet)
HPRegen  1.25/turn              x - ring of poison resistance
MPRegen  0.10/turn              b - ring of magical power

@: regenerating
A: retaliatory headbutt, horns 2
a: Berserk, Trog's Hand, Brothers in Arms, Renounce Religion


You were on level 1 of the Lair of Beasts.
You worshipped Trog.
Trog was extremely pleased with you.
You were very hungry.

You visited 2 branches of the dungeon, and saw 11 of its levels.

You collected 492 gold pieces.

Inventory:

Hand Weapons
 a - a +0 hand axe
 p - the +8 war axe of the Wasp (weapon) {antimagic, rN+}
   (You found it on level 6 of the Dungeon)

   It reduces the magical energy of the wielder, and disrupts the spells and
   magical abilities of those hit.
   Natural abilities and divine invocations are not affected.
   It protects you from negative energy.
 A - a +1 war axe of electrocution
Missiles
 d - 8 steel tomahawks (quivered)
 i - 352 stones
 l - 46 poisoned needles
Armour
 j - a +1 pair of boots (worn)
 s - a +1 chain mail of positive energy
 z - a +0 cloak (worn)
 E - a +0 plate armour (worn)
 O - a +0 ring mail
Jewellery
 b - a ring of magical power (right hand)
 x - a ring of poison resistance (left hand)
Wands
 y - a wand of paralysis (35)
 D - a wand of polymorph (20)
 J - a wand of acid (13)
Scrolls
 e - 11 scrolls of identify
 g - 7 scrolls of remove curse
 h - 2 scrolls of teleportation
 q - 2 scrolls of fear
 u - 2 scrolls of amnesia
 v - 2 scrolls of random uselessness
 w - a scroll of noise
 B - 2 scrolls of immolation {unknown}
 F - a scroll of blinking {unknown}
 I - 3 scrolls of brand weapon {unknown}
 K - a scroll of enchant weapon
 L - a scroll of enchant armour {unknown}
 N - a scroll of fog {unknown}
Potions
 f - a potion of berserk rage {unknown}
 k - 5 potions of curing
 m - a potion of lignification {unknown}
 n - 3 potions of might {unknown}
 o - 2 potions of haste {unknown}
 r - 3 potions of heal wounds {unknown}
 t - 4 potions of agility {unknown}
 C - 2 potions of degeneration {unknown}
 G - a potion of invisibility
 H - a potion of ambrosia {unknown}
Comestibles
 c - 11 rations


   Skills:
 + Level 8.8 Fighting
 + Level 14.0 Axes
 + Level 10.4 Armour
 + Level 3.9 Dodging
 + Level 3.4 Stealth


You had 9 spell levels left.
You didn't know any spells.
Your spell library was empty.

Dungeon Overview and Level Annotations

Branches:
Dungeon (10/15)            Temple (0/1) D:6            Lair (1/6) D:8
    Orc: D:9-12

Altars:
Elyvilon
Fedhas
Kikubaaqudgha
Ru
Uskayaw
Vehumet
Yredelemnul
The Shining One

Shops:
D:5 (   D:6 *   D:8 }

Annotations:
D:9 exclusion: statue


Innate Abilities, Weirdness & Mutations

You reflexively headbutt those who attack you in melee.
You have a pair of horns on your head.


Message History

The ten-headed hydra completely misses you.
The ten-headed hydra barely misses you. The ten-headed hydra bites you!
* * * LOW HITPOINT WARNING * * *
The ten-headed hydra bites you.
* * * LOW HITPOINT WARNING * * *
The ten-headed hydra bites you but does no damage.
Your skin crawls.
You feel resistant to hostile enchantments.
You feel somewhat more hungry. The ten-headed hydra bites you!
* * * LOW HITPOINT WARNING * * *
The ten-headed hydra bites you but does no damage.
The ten-headed hydra bites you.
* * * LOW HITPOINT WARNING * * *
The ten-headed hydra bites you but does no damage. x2
The ten-headed hydra bites you!
* * * LOW HITPOINT WARNING * * *
The ten-headed hydra bites you.
* * * LOW HITPOINT WARNING * * *
The ten-headed hydra bites you.
You die...

## ### ##
(####P#####P####.##
...................
...................
...................
...........<.......
........D.†........
.......@........[..
........=....$.....
.#######P#P#..#####
########


You could see a ten-headed hydra.

Vanquished Creatures
  A two-headed ogre (D:9)
  A manticore (D:8)
  A spiny frog (Lair:1)
  A komodo dragon (D:8)
  A troll (D:8)
  A hornet (D:7)
  A wyvern (D:8)
  3 yaks (D:10)
  Sigmund (D:6)
  A steam dragon (D:8)
  Edmund (D:6)
  A water moccasin (D:9)
  A porcupine (Lair:1)
  3 orc warriors
  2 sky beasts
  2 phantoms
  A black bear (D:9)
  3 ice beasts
  5 centaurs
  7 ogres
  3 crocodiles
  3 bullfrogs (D:7)
  A wyvern skeleton (D:9)
  A scorpion (D:6)
  3 killer bees (D:10)
  A howler monkey (D:7)
  5 wights (D:7)
  A centaur zombie (D:9)
  2 crimson imps
  2 bullfrog zombies
  2 jellies (D:9)
  7 orc priests
  A bullfrog skeleton (D:4)
  5 hounds
  Crazy Yiuf (D:4)
  10 orc wizards
  Natasha (thrice) (D:4)
  8 worker ants
  A hound skeleton (D:7)
  2 worker ant zombies
  A howler monkey skeleton (D:8)
  11 adders
  3 shadow imps
  An ooze (D:3)
  3 worms
  4 dart slugs
  3 leopard geckos
  33 orcs
  11 giant cockroaches
  6 goblins
  9 hobgoblins
  10 jackals
  9 kobolds
  7 quokkas
  6 ball pythons
  6 bats
  3 frilled lizards
  A quokka skeleton (D:7)
  2 quokka zombies
  9 rats
  4 fungi (D:4)
  6 plants (D:9)
248 creatures vanquished.

Vanquished Creatures (others)
  An orc (D:8)
1 creature vanquished.

Grand Total: 249 creatures vanquished

Notes
Turn   | Place    | Note
-------+----------+-------------------------------------------
     0 | D:1      | cincygiant14 the Minotaur Berserker began the quest for the Orb.
     0 | D:1      | Reached XP level 1. HP: 19/19 MP: 0/0
   196 | D:1      | Reached skill level 4 in Axes
   196 | D:1      | Reached XP level 2. HP: 27/27 MP: 1/1
   808 | D:2      | Reached XP level 3. HP: 33/33 MP: 2/2
  1109 | D:2      | Reached ** piety under Trog
  1490 | D:3      | Reached XP level 4. HP: 41/41 MP: 3/3
  1493 | D:3      | Reached skill level 5 in Axes
  1504 | D:3      | Reached XP level 5. HP: 31/47 MP: 4/4
  1638 | D:3      | Reached skill level 5 in Fighting
  1920 | D:3      | Found a faded altar of an unknown god.
  2114 | D:3      | Found a blossoming altar of Fedhas.
  2789 | D:4      | Noticed Natasha
  2793 | D:4      | Killed Natasha
  2802 | D:4      | Noticed Natasha
  2813 | D:4      | Killed Natasha
  2813 | D:4      | Reached XP level 6. HP: 37/56 MP: 5/5
  3151 | D:4      | Reached skill level 6 in Axes
  3348 | D:4      | Reached skill level 5 in Armour
  3654 | D:4      | Reached skill level 1 in Stealth
  3812 | D:4      | Noticed Natasha
  3817 | D:4      | Killed Natasha
  3925 | D:4      | Reached XP level 7. HP: 61/61 MP: 6/6
  4137 | D:4      | Reached *** piety under Trog
  4310 | D:4      | Found a runed door.
  4425 | D:4      | Noticed Crazy Yiuf
  4428 | D:4      | Killed Crazy Yiuf
  4491 | D:5      | Entered Level 5 of the Dungeon
  4575 | D:5      | Reached skill level 7 in Axes
  4852 | D:5      | Found Sacaubon's Weapon Shoppe.
  5430 | D:5      | Reached XP level 8. HP: 69/70 MP: 7/7
  5645 | D:5      | Found a white marble altar of Elyvilon.
  5676 | D:5      | Reached skill level 8 in Axes
  5939 | D:6      | Found a glowing golden altar of the Shining One.
  6051 | D:6      | Found a sacrificial altar of Ru.
  6237 | D:6      | Found Gygat's Assorted Antiques.
  6313 | D:6      | Found a basalt altar of Yredelemnul.
  6325 | D:6      | Got a crystal war axe
  6326 | D:6      | Identified the +8 war axe of the Wasp {antimagic, rN+} (You found it on level 6 of the Dungeon)
  6377 | D:6      | Found an ancient bone altar of Kikubaaqudgha.
  6561 | D:6      | Found a staircase to the Ecumenical Temple.
  6571 | D:6      | Reached skill level 9 in Axes
  6576 | D:6      | Noticed Edmund
  6576 | D:6      | Noticed Sigmund
  6582 | D:6      | Killed Sigmund
  6589 | D:6      | Killed Edmund
  6996 | D:7      | Reached **** piety under Trog
  7003 | D:7      | Reached XP level 9. HP: 78/78 MP: 5/8
  7071 | D:7      | Reached skill level 10 in Axes
  7269 | D:7      | Received a gift from Trog
  7269 | D:7      | Reached skill level 11 in Axes
  7544 | D:7      | You fall through a shaft for 3 floors!
  7544 | D:10     | Entered Level 10 of the Dungeon
  7586 | D:10     | Found a blossoming altar of Fedhas.
  7622 | D:10     | Reached skill level 12 in Axes
  7648 | D:9      | Found Witriz's Antique Weapon Emporium.
  7785 | D:9      | Reached ***** piety under Trog
  7785 | D:9      | Reached XP level 10. HP: 88/88 MP: 6/9
  7860 | D:9      | Found a radiant altar of Vehumet.
  8106 | D:9      | Noticed a two-headed ogre
  8115 | D:9      | Killed a two-headed ogre
  8210 | D:9      | Reached skill level 13 in Axes
  8414 | D:8      | Found a hide-covered altar of Uskayaw.
  8471 | D:8      | Found Reghededgh's Gadget Emporium.
  8809 | D:8      | Reached skill level 10 in Armour
  9269 | D:8      | Found a staircase to the Lair.
  9378 | D:8      | Noticed a manticore
  9386 | D:8      | Killed a manticore
  9685 | Lair:1   | Entered Level 1 of the Lair of Beasts
  9685 | Lair:1   | Noticed a spiny frog
  9691 | Lair:1   | Killed a spiny frog
  9691 | Lair:1   | Reached skill level 14 in Axes
  9692 | Lair:1   | Noticed a seven-headed hydra
  9707 | Lair:1   | HP: 3/90 [ten-headed hydra (8)]
  9707 | Lair:1   | Slain by a ten-headed hydra

Vault maps used:
D:1:      dpeg_arrival_boxes_within_box, minmay_octomino_j4
D:2:      first_ration, minmay_misc_feat_secret_circle
D:3:      fedhas_altar_1, chequers_ecumenical_altar_simple_redux, minivault_5,
          st_stairs_12, eino_curves_02
D:4:      kennysheep_small_circle, uniq_crazy_yiuf_cottage, uniq_natasha
D:5:      marbit_many_paths, serial_shops, nicolae_shop_statue_plus,
          corexii_hall_statues_l
D:6:      tso_metal_star, old_standard_altar,
          nicolae_ru_great_annihilating_truth, old_standard_altar,
          minmay_temple_entry_enclosed_plants, serial_shops,
          nicolae_shop_crystal, sigmund_edmund_badplayer
D:8:      kennysheep_little_box, erik_lair_dragon, serial_shops,
          nicolae_shop_stone
D:9:      vehumet_statue, serial_shops, nicolae_shop_overgrown_old_shop
D:10:     introduction_to_nature_1, uniq_maurice
Lair:1:   eino_small_chamber_without_monster, infiniplex_staircase_pool,
          uniq_gastronok

Skill      XL: |  1  2  3  4  5  6  7  8  9 10 |
---------------+-------------------------------+-----
Axes           | 4 5 6 7 9 12 14 | 14.0
Fighting       | 4 5 6 7 8 |  8.8
Armour         | 3 4 5 6 8 9 10 | 10.4
Dodging        | 3 |  3.9
Stealth        | 1 2 3 |  3.4

Action                   |  1- 3 |  4- 6 |  7- 9 | 10-12 || total
-------------------------+-------+-------+-------+-------++-------
Melee: Hand axe          |    87 |   154 |    73 |       ||   314
       Headbutt          |    10 |    30 |    64 |    24 ||   128
       War axe           |       |       |   171 |   106 ||   277
Invok: Berserk           |     2 |     1 |     5 |     2 ||    10
       Trog's Hand       |       |     1 |     1 |     1 ||     3
  Use: Scroll            |       |     2 |     7 |       ||     9
 Stab: Paralysed         |       |       |     3 |       ||     3
       Invisible         |       |       |     2 |       ||     2
  Eat: Chunk             |     3 |     5 |    12 |     7 ||    27
       Ration            |       |     2 |     1 |       ||     3
Armor: Ring mail         |    34 |     9 |       |       ||    43
       Chain mail        |       |    59 |    37 |       ||    96
       Plate armour      |       |       |   105 |    80 ||   185
Dodge: Dodged            |    50 |    62 |    95 |    50 ||   257

Table legend:
 A = Non-vault XP
 B = Vault XP
 C = Vault XP percentage of total XP
 D = Non-vault monster count
 E = Vault monster count
 F = Vault count percentage of total count
 G = Total turns spent on level
                 A         B        C        D         E       F
            +---------+---------+-------+---------+---------+-------
      Total |    9210 |    1515 |  14.1 |     210 |      29 |  12.1
            +---------+---------+-------+---------+---------+-------
        D:1 |      20 |       6 |  23.1 |      12 |       4 |  25.0
        D:2 |      61 |       0 |   0.0 |      26 |       0 |   0.0
        D:3 |     176 |       2 |   1.1 |      23 |       1 |   4.2
        D:4 |     480 |      77 |  13.8 |      29 |       2 |   6.5
        D:5 |     666 |       3 |   0.4 |      16 |       1 |   5.9
        D:6 |     760 |     392 |  34.0 |      19 |       6 |  24.0
        D:7 |    1681 |       0 |   0.0 |      37 |       0 |   0.0
        D:8 |    1735 |     974 |  36.0 |      20 |       5 |  20.0
        D:9 |    2035 |       0 |   0.0 |      16 |       0 |   0.0
       D:10 |     941 |      61 |   6.1 |       9 |      10 |  52.6
     Lair:1 |     655 |       0 |   0.0 |       3 |       0 |   0.0
            +---------+---------+-------+---------+---------+-------
